[Event "*** SCC Grand Prix: Titled Tuesday Blitz"]
[Site "Chess.com"]
[Date "2020.06.02"]
[Round "3"]
[White "Maxim_e2e4"]
[Black "mbachez"]
[Result "0-1"]
[WhiteElo "2336"]
[BlackElo "2532"]
[TimeControl "180+1"]
[EndTime "10:28:17 PDT"]
[Termination "mbachez won on time"]

1. e4 e6 2. d4 d5 3. Nd2 h6 4. Ngf3 Nf6 5. Bd3 c5 6. dxc5 dxe4 7. Nxe4 Nxe4 8. Bxe4 Qxd1+ 9. Kxd1 Bxc5 10. Ke2 Nc6 11. Be3 Be7 12. Rhd1 Bd7 13. a4 f5 14. Bd3 e5 15.
Bc4 Rc8 16. c3 e4 17. Ne1 Ne5 18. Bd5 Bc5 19. Bxc5 Rxc5 20. Bxb7 Ke7 21. Bd5 Rb8 22. Rd2 Nd3 23. Nxd3 Rxd5 24. Nb4 Rxd2+ 25. Kxd2 a5 26. Nd5+ Kd6 27. c4 Rxb2+ 28. Ke3 g5 29. g3 Ke5 30.
f4+ exf3 31. Kxf3 Bc6 32. Re1+ Kd6 33. h4 Bxa4 34. hxg5 hxg5 35. Re7 Bc6 36. Rg7 Rb3+ 37. Kf2 Bxd5 38. cxd5 g4 39. Ra7 Rb5 40. Ke3 Kxd5 41. Kf4 Kc4 0-1

[Event "*** SCC Grand Prix: Titled Tuesday Blitz"]
[Site "Chess.com"]
[Date "2020.06.02"]
[Round "3"]
[White "Quaternitychess"]
[Black "Carnivoras"]
[Result "1-0"]
[WhiteElo "2822"]
[BlackElo "2620"]
[TimeControl "180+1"]
[EndTime "10:28:18 PDT"]
[Termination "Quaternitychess won by resignation"]

1. e4 e5 2. Nf3 Nc6 3. Nc3 Nf6 4. h3 Bb4 5. Nd5 Ba5 6. c3 O-O 7. b4 Bb6 8. Nxb6 axb6 9. d3 d5 10. Qc2 Re8 11. Be2 Qd6 12. O-O Ne7 13. Re1 Ng6 14.
Bf1 h6 15. a3 Bd7 16. exd5 Nxd5 17. g3 Ba4 18. Qd2 Rad8 19. c4 Nf6 20. b5 c6 21. Qb4 Qxb4 22. axb4 cxb5 23. Bb2 Nd7 24. d4 exd4 25. Rxe8+ Rxe8 26. Nxd4 Nde5 27. cxb5 Ra8 28. f4 Nd7 29. Ne2 Ngf8 30. Nc3 1-0

[Event "*** SCC Grand Prix: Titled Tuesday Blitz"]
[Site "Chess.com"]
[Date "2020.06.02"]
[Round "3"]
[White "Alexander_Moskalenko"]
[Black "Yoshikrov"]
[Result "1-0"]
[WhiteElo "2823"]
[BlackElo "2039"]
[TimeControl "180+1"]
[EndTime "10:28:19 PDT"]
[Termination "Alexander_Moskalenko won by resignation"]

1. Nf3 d5 2. d4 Nf6 3. Bf4 c5 4. e3 Nc6 5. c3 Qb6 6. Qb3 c4 7. Qc2 Bf5 8. Qc1 e6 9. h3 h6 10. Nbd2 Qa6 11. a4 Qa5 12. Be2 Qd8 13. O-O Bd6 14.
Bxd6 Qxd6 15. b3 cxb3 16. c4 O-O 17. c5 Qc7 18. Nxb3 Ne4 19. a5 b6 20. cxb6 axb6 21. a6 Rfc8 22. Qb2 Na5 23. Nxa5 bxa5 24. Rfc1 Qd8 25.
Rxc8 Rxc8 26. Bf1 Nd6 27. Qa3 Nc4 28. Bxc4 dxc4 29. Qxa5 c3 30. Qxd8+ Rxd8 31. a7 Ra8 32. Ne5 Be4 33. f3 Bb7 34. Kf2 c2 35. Nd3 Bd5 36.
Ke1 Bc4 37. Nc1 Bd5 38. Kd2 Rc8 39. e4 Ba8 40. Nb3 f6 41. Rc1 f5 42. Rxc2 Rxc2+ 43.
Kxc2 fxe4 44. f4 e3 45. g4 Be4+ 46. Kc3 g5 47. Nc5 Bd5 48. fxg5 hxg5 49. Nxe6 Be4 50.
Nc7 Kf7 51. d5 1-0

[Event "*** SCC Grand Prix: Titled Tuesday Blitz"]
[Site "Chess.com"]
[Date "2020.06.02"]
[Round "3"]
[White "HonzaVykouk"]
[Black "exoticprincess"]
[Result "1-0"]
[WhiteElo "2637"]
[BlackElo "2802"]
[TimeControl "180+1"]
[EndTime "10:28:22 PDT"]
[Termination "HonzaVykouk won by resignation"]

1. e4 c6 2. Nf3 d5 3. Nc3 dxe4 4. Nxe4 Bg4 5. h3 Bxf3 6. Qxf3 e6 7. c3 Nf6 8. d4 Nbd7 9. Bd3 Nxe4 10. Qxe4 Nf6 11. Qe2 Qc7 12. O-O Bd6 13. f4 O-O-O 14. b4 h5 15. Bd2 h4 16. a4 Nh5 17. Qf3 g6 18. b5 c5 19. a5 Qe7 20. a6 b6 21.
Qa8+ Bb8 22. Be4 Ng3 23. Bb7+ Kc7 24. f5 gxf5 25. Bf4+ Rd6 26. Bc6 Kc8 27. dxc5 Ne2+ 28. Kh1 Nxf4 29. Qb7+ Qxb7 30. axb7+ Kd8 31. cxd6 Ne2 32.
Rf3 Rg8 33. Rd3 Nf4 34. Rd4 Ne2 35. Rxh4 Nxc3 36. Rh7 Rf8 37. h4 Ne2 38. h5 Ng3+ 39.
Kg1 Ne4 40. d7 Nf6 41. Rh6 Ke7 42. Rd1 Rd8 43. Kf1 Bf4 44. Rxf6 Kxf6 45. Ra1 Bb8 46. Ke2 Rh8 47. Rh1 Bc7 48. h6 Ke7 49. h7 Bb8 50. Kf3 Kd8 51. g4 fxg4+ 52. Kxg4 f5+ 53. Kg5 Ke7 54. Kg6 Bc7 55. Re1 Kd6 56. Kg7 Rd8 57.
h8=Q Rxh8 58. Kxh8 a5 59. bxa6 Kxc6 60. Rd1 1-0

[Event "*** SCC Grand Prix: Titled Tuesday Blitz"]
[Site "Chess.com"]
[Date "2020.06.02"]
[Round "3"]
[White "BlackBoarder"]
[Black "kikydu96"]
[Result "1-0"]
[WhiteElo "2633"]
[BlackElo "2401"]
[TimeControl "180+1"]
[EndTime "10:28:22 PDT"]
[Termination "BlackBoarder won by resignation"]

1. e4 e5 2. Nf3 Nc6 3. d4 exd4 4.
Bc4 Nf6 5. O-O Nxe4 6. Re1 d5 7. Bxd5 Qxd5 8. Nc3 Qh5 9. Nxe4 Be6 10. Bg5 Bd6 11. Nxd6+ cxd6 12. Bf4 Qd5 13. Qd3 O-O 14. h3 Rac8 15. a3 h6 16. Rad1 Bf5 17. Qe2 Qc5 18. Rc1 Bd7 19. Qd2 Rfe8 20. Red1 Re4 21. Bg3 Rce8 22. c3 Re2 23. cxd4 Qd5 24. Qc3 Bf5 25.
b4 Be4 26. Ne1 f5 27. f3 f4 28. fxe4 Qxe4 29. Bf2 Re6 30. Qf3 Qf5 31. d5 Ne5 32. Qxe2 f3 33. Nxf3 1-0

[Event "*** SCC Grand Prix: Titled Tuesday Blitz"]
[Site "Chess.com"]
[Date "2020.06.02"]
[Round "3"]
[White "tvjosue"]
[Black "Giraffe_Chess"]
[Result "1-0"]
[WhiteElo "2584"]
[BlackElo "2377"]
[TimeControl "180+1"]
[EndTime "10:28:23 PDT"]
[Termination "tvjosue won on time"]

1. b3 e5 2. Bb2 Nc6 3. c4 d6 4. g3 f5 5. Bg2 Nf6 6. e3 Be7 7.
Ne2 O-O 8. Nbc3 a6 9. d4 Qe8 10. h3 Bd7 11. f4 Bd8 12. Qd2 exd4 13. Nxd4 Nxd4 14. Qxd4 Bc6 15. Nd5 Qg6 16. O-O-O Nxd5 17. Bxd5+ Bxd5 18. Qxd5+ Kh8 19. g4 Bf6 20. Rdg1 Bxb2+ 21. Kxb2 Qf6+ 22. Kc2 c6 23. Qd3 a5 24. gxf5 a4 25.
b4 a3 26. Qc3 Qxf5+ 27. Kb3 Qf7 28. Rg5 b5 29. Rhg1 bxc4+ 30. Kc2 Rg8 31. h4 c5 32.
bxc5 dxc5 33. h5 Rgb8 34. h6 Rb2+ 35. Kc1 Rab8 36. Qxa3 c3 37. Qxc3 Rb1+ 38. Kd2 Qxa2+ 39. Kd3 Qa6+ 40. Ke4 Qc6+ 41. Kd3 Rd8+ 42. Kc2 Rb7 43. Rxg7 Qa4+ 44. Kc1 1-0

[Event "*** SCC Grand Prix: Titled Tuesday Blitz"]
[Site "Chess.com"]
[Date "2020.06.02"]
[Round "3"]
[White "ChEsper99"]
[Black "mjray79"]
[Result "0-1"]
[WhiteElo "2051"]
[BlackElo "2303"]
[TimeControl "180+1"]
[EndTime "10:28:23 PDT"]
[Termination "mjray79 won on time"]

1. e4 e5 2. Nf3 Nc6 3. d4 exd4 4. Nxd4 Nf6 5. Nxc6 bxc6 6. Qe2 Qe7 7. Nc3 d5 8.
exd5 cxd5 9. Nb5 Be6 10. Bf4 Qb4+ 11. Bd2 Qc5 12. Bf4 Rc8 13. O-O-O Be7 14. Nd4 Bd7 15.
Nb3 Qb4 16. Bd2 Qd6 17. Re1 Ne4 18. Be3 c5 19. f3 Nf6 20. Kb1 O-O 21. Bxc5 Rxc5 22.
Nxc5 Qxc5 23. Qxe7 Re8 24. Qxe8+ Bxe8 25. Bd3 g6 26.
Re2 Kg7 27. Rhe1 Bb5 28. Bxb5 Qxb5 29. b3 a5 30. a4 Qb4 31. Rd1 d4 32. Red2 Nd5 0-1

[Event "*** SCC Grand Prix: Titled Tuesday Blitz"]
[Site "Chess.com"]
[Date "2020.06.02"]
[Round "3"]
[White "neurisdr"]
[Black "CaspiIsrael"]
[Result "1/2-1/2"]
[WhiteElo "2766"]
[BlackElo "2594"]
[TimeControl "180+1"]
[EndTime "10:28:24 PDT"]
[Termination "Game drawn by stalemate"]

1. e4 e5 2. Nf3 Nc6 3. Bb5 g6 4.
Bxc6 dxc6 5. d3 Bg7 6. Nbd2 Qe7 7. Nc4 f6 8. b3 Nh6 9. Ba3 c5 10. Ne3 c6 11. Qd2 b6 12. b4 cxb4 13.
Bxb4 c5 14. Ba3 Bb7 15. c4 O-O 16. Nd5 Qd6 17. O-O Nf7 18. Rab1 Nd8 19. Qe3 Ne6 20. Nd2 Bc6 21. Nb3 f5 22. exf5 gxf5 23. f4 Bxd5 24. fxe5 Qxe5 25. Qxe5 Bxe5 26. cxd5 Nd4 27. Rbe1 Rae8 28. Rxe5 Rxe5 29. Nxd4 cxd4 30. Bxf8 Kxf8 31. Rc1 Rxd5 32. Rc8+ Ke7 33. Rh8 Ra5 34. Rxh7+ Ke6 35. h4 Rxa2 36. h5 Kf6 37. Rd7 Kg5 38.
Rd5 Rd2 39. g4 Rxd3 40. Rxf5+ Kxg4 41. Rf7 Kxh5 42. Rxa7 Rb3 43. Rd7 d3 44. Kf2 Kg5 45. Ke3 Kf5 46. Rd8 Ke5 47. Rd7 Ke6 48. Rd8 Ke7 49.
Rxd3 Rxd3+ 50. Kxd3 Kd6 51. Kc4 Kc6 52. Kb4 Kc7 53. Kb5 Kb7 54. Kb4 Kc6 55. Kc4 b5+ 56. Kb4 Kb6 57. Kb3 Kc6 58. Kb4 Kb6 59. Kb3 Kc5 60. Kc3 b4+ 61. Kb3 Kb5 62. Kb2 Kc4 63. Kc2 Kd4 64. Kb3 Kc5 65. Kb2 Kc4 66. Kc2 b3+ 67. Kb2 Kb4 68. Kb1 Ka3 69. Ka1 Kb4 70. Kb2 Kc4 71. Kb1 Kc3 72. Kc1 b2+ 73. Kb1 Kb3 1/2-1/2

[Event "*** SCC Grand Prix: Titled Tuesday Blitz"]
[Site "Chess.com"]
[Date "2020.06.02"]
[Round "3"]
[White "Baby_Shak"]
[Black "Marty435"]
[Result "1-0"]
[WhiteElo "2639"]
[BlackElo "2435"]
[TimeControl "180+1"]
[EndTime "10:28:24 PDT"]
[Termination "Baby_Shak won by checkmate"]

1. d4 d5 2. Bf4 c5 3. e3 Nc6 4. c3 Nf6 5. Nd2 e6 6. Ngf3 Bd6 7. Bg3 O-O 8. Bd3 b6 9. Qe2 Bb7 10. Rd1 Rc8 11. e4 Be7 12. e5 Nh5 13. Ng5 Bxg5 14. Qxh5 g6 15. Qe2 cxd4 16. h4 Bxd2+ 17. Qxd2 dxc3 18.
bxc3 h5 19. Bf4 d4 20. c4 Na5 21. Bg5 f6 22. exf6 Qe8 23. O-O Nxc4 24. Qe2 Nd6 25.
Rfe1 Bd5 26. Qe5 Nf5 27. Bxf5 gxf5 28. Rxd4 Qg6 29. Rd3 Kh7 30. Rg3 Qf7 31. Bh6 Rg8 32.
Bg7 Rc4 33. Qe3 f4 34. Qd3+ Re4 35. Rxe4 Bxe4 36. Qxe4+ Qg6 37. Qxg6# 1-0

[Event "*** SCC Grand Prix: Titled Tuesday Blitz"]
[Site "Chess.com"]
[Date "2020.06.02"]
[Round "3"]
[White "ajian"]
[Black "GjakanTati"]
[Result "1-0"]
[WhiteElo "2413"]
[BlackElo "2600"]
[TimeControl "180+1"]
[EndTime "10:28:24 PDT"]
[Termination "ajian won by resignation"]

1. d4 d5 2. c4 e6 3. Nc3 Nf6 4. cxd5 exd5 5. Bg5 c6 6. e3 Be7 7. Bd3 Nbd7 8. Nf3 Nf8 9. O-O Ne6 10. Bxf6 Bxf6 11.
b4 a6 12. Qc2 O-O 13. Bxh7+ Kh8 14. Bd3 g6 15. Na4 Kg7 16. Nc5 Ng5 17. Be2 Rh8 18. Nxg5 Bxg5 19. Bf3 Qd6 20. g3 Bf5 21. Qe2 Rh6 22.
e4 dxe4 23. Bxe4 Bh3 24. Bg2 Qxd4 25. Rad1 Qxb4 26. Ne4 Be7 27. Rb1 Qa3 28. Rxb7 Rah8 29. Qb2+ Qxb2 30. Rxb2 Bxg2 31. Kxg2 Rxh2+ 32. Kf3 Rd8 33.
Rb7 Rd3+ 34. Ke2 Ra3 35. Rxe7 Rxa2+ 36. Kf3 Rh5 37. Rc7 Ra3+ 38. Kg2 Re5 39. Nd6 Rc5 40. Rxf7+ Kg8 41. Re1 1-0

[Event "*** SCC Grand Prix: Titled Tuesday Blitz"]
[Site "Chess.com"]
[Date "2020.06.02"]
[Round "3"]
[White "floplover"]
[Black "keepitcool9499"]
[Result "0-1"]
[WhiteElo "2193"]
[BlackElo "2472"]
[TimeControl "180+1"]
[EndTime "10:28:24 PDT"]
[Termination "keepitcool9499 won by resignation"]

1. d4 Nf6 2. c4 e6 3. Nc3 d5 4. Nf3 Be7 5. Bf4 O-O 6. e3 c6 7. h3 Nbd7 8. c5 b6 9. b4 a5 10. a3 Ba6 11. Bxa6 Rxa6 12. b5 cxb5 13. c6 Qc8 14. c7 b4 15. Nb5 bxa3 16. O-O Ne4 17.
Qc2 Qb7 18. Rfc1 Rc8 19. h4 Raa8 20. Ng5 Ndf6 21. f3 Nxg5 22. hxg5 Ne8 23. Kf2 a4 24. Rh1 g6 25. Be5 Bxg5 26. Rxh7 Kxh7 27. Rh1+ Bh6 28. Rxh6+ Kxh6 29. Qc1 f6 30. e4+ Kg7 31. Qg5 Qc6 32.
Nd6 Qxd6 33. Bxd6 fxg5 0-1

[Event "*** SCC Grand Prix: Titled Tuesday Blitz"]
[Site "Chess.com"]
[Date "2020.06.02"]
[Round "3"]
[White "AndrewDGreen"]
[Black "WinstonSilvakov"]
[Result "1-0"]
[WhiteElo "2310"]
[BlackElo "2059"]
[TimeControl "180+1"]
[EndTime "10:28:24 PDT"]
[Termination "AndrewDGreen won by resignation"]

1. e4 c5 2. Nf3 e6 3. c3 d6 4.
d4 Nf6 5. Bd3 Nc6 6. O-O Be7 7.
Re1 e5 8. Na3 O-O 9. h3 a6 10.
Be3 b5 11. d5 Nb8 12. c4 b4 13. Nc2 a5 14. b3 Ne8 15. Qd2 f5 16. exf5 Bxf5 17. Bxf5 Rxf5 18. Qd3 Qd7 19. Nd2 Rf8 20. Ne4 Nf6 21. Bd2 Nh5 22. Re2 Nf4 23. Bxf4 Rxf4 24. Ne3 h6 25. Rd1 a4 26. Nxc5 dxc5 27. d6 Rd4 28. Qg6 Rxd1+ 29. Nxd1 Qxd6 30. Qe4 Nc6 31.
Ne3 Rf8 32. Re1 Nd4 33. bxa4 Bf6 34. a5 Qa6 35. Qd5+ Kh8 36. Qxc5 b3 37. Qxf8+ 1-0

[Event "*** SCC Grand Prix: Titled Tuesday Blitz"]
[Site "Chess.com"]
[Date "2020.06.02"]
[Round "3"]
[White "mfwagnerpeixoto"]
[Black "Michaelson_11"]
[Result "1-0"]
[WhiteElo "2279"]
[BlackElo "1994"]
[TimeControl "180+1"]
[EndTime "10:28:24 PDT"]
[Termination "mfwagnerpeixoto won by checkmate"]

1. e4 c5 2. Nf3 Nc6 3. Bb5 g6 4.
Bxc6 dxc6 5. Nc3 Bg7 6. d3 c4 7.
d4 Bg4 8. Be3 Qb6 9. Rb1 O-O-O 10. d5 Qa5 11. O-O Bxc3 12. bxc3 cxd5 13. Qd4 Nf6 14.
exd5 Bxf3 15. Qxc4+ Kb8 16. Rxb7+ Ka8 17. Rxa7+ Qxa7 18. Bxa7 Bxd5 19. Qa4 Rd7 20. Bd4+ Kb8 21. Bxf6 Rhd8 22.
Be5+ Kc8 23. Rb1 Bb7 24. Qa8+ Bxa8 25. Rb8# 1-0

[Event "*** SCC Grand Prix: Titled Tuesday Blitz"]
[Site "Chess.com"]
[Date "2020.06.02"]
[Round "3"]
[White "Pultis"]
[Black "guillembaches"]
[Result "1-0"]
[WhiteElo "2771"]
[BlackElo "2439"]
[TimeControl "180+1"]
[EndTime "10:28:26 PDT"]
[Termination "Pultis won by checkmate"]

1. d4 Nf6 2. Nf3 e6 3. Bg5 h6 4. Bxf6 Qxf6 5. e4 d5 6. Nc3 Bb4 7. e5 Qd8 8. Qd2 b6 9. a3 Be7 10. h4 Qd7 11. h5 Nc6 12. g4 Bb7 13. Bb5 a6 14. Bd3 Na5 15. O-O-O Nc4 16. Bxc4 dxc4 17. d5 exd5 18. Nxd5 O-O-O 19. Nxe7+ Qxe7 20. Qf4 c3 21.
Rhe1 cxb2+ 22. Kxb2 Bd5 23. Nd4 Qc5 24. Re3 Qc4 25. Rb3 Be6 26. Rdd3 Bd5 27. Rdc3 Qa4 28.
e6 c5 29. Rxb6 fxe6 30. Rxc5+ Kd7 31. Qf7# 1-0

[Event "*** SCC Grand Prix: Titled Tuesday Blitz"]
[Site "Chess.com"]
[Date "2020.06.02"]
[Round "3"]
[White "saraswathii"]
[Black "Kavyev_Ruslan"]
[Result "0-1"]
[WhiteElo "2351"]
[BlackElo "2545"]
[TimeControl "180+1"]
[EndTime "10:28:26 PDT"]
[Termination "Kavyev_Ruslan won by resignation"]

1. e4 c5 2. Nf3 d6 3. d3 Nf6 4. g3 g6 5. Bg2 Bg7 6. O-O O-O 7.
c3 Nc6 8. Qe2 e5 9. a3 d5 10.
exd5 Nxd5 11. Nbd2 h6 12. Nc4 Re8 13. a4 b6 14. Ne3 Be6 15. Nd2 Rc8 16. Ndc4 Qd7 17. Bd2 Rcd8 18. Rad1 Nxe3 19. Bxe3 Bd5 20. Rfe1 Nd4 21.
cxd4 exd4 22. Qc2 Bxg2 23. Kxg2 dxe3 24. Nxe3 Qd4 25. Rd2 Kh7 26. Red1 f5 27. Qc4 Qf6 28. a5 Rd4 29. Qb5 Red8 30. axb6 axb6 31. Nc4 f4 32. Re1 f3+ 33. Kh1 Qf5 34. Ne3 Qe6 35. Nc2 Qh3 36. Ne3 c4 37. Qc6 R8d5 38. Rg1 Qxh2+ 0-1

[Event "*** SCC Grand Prix: Titled Tuesday Blitz"]
[Site "Chess.com"]
[Date "2020.06.02"]
[Round "3"]
[White "Chesstrainer1"]
[Black "Evgeny81"]
[Result "0-1"]
[WhiteElo "2425"]
[BlackElo "2711"]
[TimeControl "180+1"]
[EndTime "10:28:29 PDT"]
[Termination "Evgeny81 won by resignation"]

1. Nf3 d5 2. g3 c6 3. Bg2 Bg4 4. O-O Nd7 5. h3 Bxf3 6. Bxf3 Ngf6 7. d3 e5 8. e4 dxe4 9. dxe4 Bc5 10. Qe2 O-O 11. Nd2 a5 12. a4 Qe7 13. Nc4 Nb6 14. Ne3 g6 15. Bd2 Rfe8 16. Rfd1 Bb4 17. Bxb4 Qxb4 18.
c3 Qc5 19. Kg2 Rad8 20. Qc2 Nc4 21. Nf1 h5 22. Qb3 Nd6 23. Re1 Kg7 24. Qa3 Qb6 25. h4 Nc4 26. Qa2 Nd2 27. Rad1 Ndxe4 28. Ne3 Nd6 29.
Re2 e4 0-1

[Event "*** SCC Grand Prix: Titled Tuesday Blitz"]
[Site "Chess.com"]
[Date "2020.06.02"]
[Round "3"]
[White "Arek_pacitan"]
[Black "TrenerChos"]
[Result "1-0"]
[WhiteElo "2547"]
[BlackElo "2353"]
[TimeControl "180+1"]
[EndTime "10:28:29 PDT"]
[Termination "Arek_pacitan won on time"]

1. Nf3 d6 2. c4 e5 3. Nc3 Nd7 4. d4 c6 5. g3 Be7 6. Bg2 f5 7. dxe5 dxe5 8. e4 fxe4 9. Nxe4 Ngf6 10. Nd6+ Bxd6 11. Qxd6 Qe7 12. Qxe7+ Kxe7 13. O-O Re8 14. b3 Kf8 15. Bb2 e4 16. Nd2 Nc5 17. Ba3 b6 18. Rfe1 Bf5 19. f3 e3 20. Nf1 e2 21.
Nd2 Rad8 22. Ne4 Bxe4 23. fxe4 Rd2 24. Bf3 Nxe4 25. Rxe2 Rxe2 26. Bxe2 Nxg3 27. Bf3 Ne4 28. Re1 Kf7 29. b4 Ng5 30. Rf1 Nce4 31. Bxe4+ Ke6 32. Bxc6 Rd8 33. Bd5+ Ke5 34. Bb2+ 1-0

[Event "*** SCC Grand Prix: Titled Tuesday Blitz"]
[Site "Chess.com"]
[Date "2020.06.02"]
[Round "3"]
[White "DishonorOnYourCow"]
[Black "Machidon"]
[Result "0-1"]
[WhiteElo "2303"]
[BlackElo "2514"]
[TimeControl "180+1"]
[EndTime "10:28:29 PDT"]
[Termination "Machidon won on time"]

1. d4 Nf6 2. c4 g6 3. Nc3 d5 4. cxd5 Nxd5 5. e4 Nxc3 6. bxc3 Bg7 7. Bc4 O-O 8. Be3 c5 9. Ne2 Nc6 10. O-O b6 11. Rc1 e6 12. Qd2 Bb7 13. Rfd1 Qc7 14. Bf4 Qe7 15. Bg5 Qc7 16. d5 Na5 17. Bb5 exd5 18.
exd5 c4 19. d6 Qc5 20. d7 f6 21. d8=Q Raxd8 22. Qxd8 fxg5 23. Nf4 gxf4 24. Qd7 Qg5 25. Qe6+ Kh8 26. g3 Qxb5 27. Rd7 Bc8 28. Qd5 Qxd7 0-1

[Event "*** SCC Grand Prix: Titled Tuesday Blitz"]
[Site "Chess.com"]
[Date "2020.06.02"]
[Round "3"]
[White "Superfelix"]
[Black "MilanJeremic"]
[Result "1-0"]
[WhiteElo "2491"]
[BlackElo "2249"]
[TimeControl "180+1"]
[EndTime "10:28:29 PDT"]
[Termination "Superfelix won by resignation"]

1. e4 c6 2. Nc3 d5 3. Qe2 a6 4. g3 d4 5. Nd1 e5 6. d3 Nf6 7. f4 Bd6 8. Nf3 Bg4 9. Bg2 c5 10.
Nf2 Bxf3 11. Bxf3 Nc6 12. O-O Qc7 13. f5 h5 14. Bg5 h4 15. Kg2 hxg3 16. hxg3 O-O-O 17.
Rh1 Be7 18. a3 Nd7 19. Bd2 Kb8 20. Rab1 Qc8 21. Nh3 Ka8 22. Ng5 Bxg5 23. Bxg5 f6 24. Bd2 Rxh1 25. Rxh1 Rh8 26. Qd1 Qg8 27. Rxh8 Qxh8 28.
Bh5 Qg8 29. b3 b6 30. Qg4 Kb7 31. Qg6 Kc7 32. Qf7 Qxf7 33. Bxf7 Nd8 34. Bd5 b5 35. Ba5+ Nb6 36. Kf3 Nc6 37. Bxb6+ Kxb6 38. Bxc6 Kxc6 39.
Kg4 Kd7 40. Kh5 Ke7 41. Kg6 Kf8 42. Kh7 Kf7 43. g4 a5 44. Kh8 g6 45. Kh7 gxf5 46. gxf5 a4 47. bxa4 c4 48. axb5 cxd3 49. cxd3 Ke7 50.
Kg7 1-0

[Event "*** SCC Grand Prix: Titled Tuesday Blitz"]
[Site "Chess.com"]
[Date "2020.06.02"]
[Round "3"]
[White "witcher8"]
[Black "ViktoriyaTarasova"]
[Result "0-1"]
[WhiteElo "2427"]
[BlackElo "2274"]
[TimeControl "180+1"]
[EndTime "10:28:29 PDT"]
[Termination "ViktoriyaTarasova won on time"]

1. e4 c5 2. Nc3 d6 3. f4 g6 4. Nf3 Bg7 5. Bc4 Nc6 6. O-O e6 7.
f5 exf5 8. d3 Nge7 9. Qe1 Ne5 10.
Bg5 Nxc4 11. dxc4 h6 12. Bxe7 Qxe7 13. Nd5 Qxe4 14. Nc7+ Kd7 15. Nxa8 Bxb2 16. Rb1 Qxe1 17. Rfxe1 Bf6 18. Re2 b6 19. Nxb6+ axb6 20. Rxb6 Kc7 21.
Rb3 Be6 22. Ra3 Bxc4 23. Rd2 Rb8 24. Ra7+ Kc6 25. a4 g5 26. Rd1 g4 27. Nd2 Bd4+ 28. Kh1 Be6 29. Rb1 Re8 30. a5 c4 31. Rab7 Bd5 32.
Nf1 Re2 0-1

[Event "*** SCC Grand Prix: Titled Tuesday Blitz"]
[Site "Chess.com"]
[Date "2020.06.02"]
[Round "3"]
[White "Rodalquilar"]
[Black "AlexanderL"]
[Result "0-1"]
[WhiteElo "2627"]
[BlackElo "2828"]
[TimeControl "180+1"]
[EndTime "10:28:30 PDT"]
[Termination "AlexanderL won on time"]

1. d4 e6 2. e4 d5 3. exd5 exd5 4. Nf3 Nf6 5. Bd3 Bd6 6. Qe2+ Be7 7. O-O O-O 8. Ne5 c5 9. c3 Nc6 10. Be3 cxd4 11. cxd4 Nb4 12. Nc3 Nxd3 13. Qxd3 h6 14. Rac1 a6 15. Rfe1 Bd6 16. Bf4 Re8 17. Qf3 Be6 18. h3 Rc8 19. Re2 Ne4 20. Rec2 f6 21.
Nd3 Bf8 22. Na4 Rxc2 23. Rxc2 Bf7 24. Nac5 Re7 25. Nb4 Nxc5 26. dxc5 Re4 27. Nd3 Rc4 28. Rd2 Bxc5 29. Qg3 Kh7 30. b3 Rc3 31. Qg4 Bf8 32. Qf5+ Bg6 33. Qe6 Rxd3 34. Rxd3 Bxd3 35. Qf7 Bg6 36.
Qxb7 a5 37. Qa6 d4 38. Qc4 d3 39. Bd2 Bb4 0-1

[Event "*** SCC Grand Prix: Titled Tuesday Blitz"]
[Site "Chess.com"]
[Date "2020.06.02"]
[Round "3"]
[White "antoszu"]
[Black "saisree"]
[Result "1-0"]
[WhiteElo "2543"]
[BlackElo "2352"]
[TimeControl "180+1"]
[EndTime "10:28:30 PDT"]
[Termination "antoszu won by resignation"]

1. e4 c6 2. Nf3 d5 3. d3 Bg4 4.
h3 Bxf3 5. Qxf3 e5 6. g3 Nf6 7. Bg2 Nbd7 8. O-O Bd6 9. Qe2 O-O 10. exd5 cxd5 11. Nc3 Qa5 12. Bd2 Qc5 13. b4 Qd4 14.
Nb5 Qb6 15. c4 Rac8 16. a4 Be7 17. Be3 d4 18. Bxd4 exd4 19. Qxe7 Rfe8 20. Qd6 Rc6 21. Qxd4 Qxd4 22. Nxd4 Rd6 23. Nb5 Rxd3 24. c5 Rb3 25. Rfb1 Rxb1+ 26. Rxb1 Ne4 27. Bxe4 Rxe4 28. Nd6 Re2 29.
Nxb7 Ra2 30. c6 Nb6 31. a5 Nc8 32. Rd1 1-0

[Event "*** SCC Grand Prix: Titled Tuesday Blitz"]
[Site "Chess.com"]
[Date "2020.06.02"]
[Round "3"]
[White "Chopper1905"]
[Black "GukeshDommaraju"]
[Result "1-0"]
[WhiteElo "2935"]
[BlackElo "2658"]
[TimeControl "180+1"]
[EndTime "10:28:31 PDT"]
[Termination "Chopper1905 won by resignation"]

1. d4 d5 2. c4 e6 3. Nc3 Bb4 4.
cxd5 exd5 5. Bf4 Nf6 6. e3 O-O 7. Bd3 b6 8. Ne2 Bb7 9. O-O Nbd7 10. Nb5 c6 11. Nd6 Bxd6 12. Bxd6 Re8 13. Nc3 Nf8 14. Bg3 Ne6 15. b4 c5 16. bxc5 bxc5 17. Nb5 Ba6 18. Qa4 Qb6 19. Rfb1 Qc6 20. dxc5 Nxc5 21. Qc2 Rec8 22.
Bf1 Nce4 23. Qxc6 Rxc6 24. Nc7 Nxg3 25. Nxa8 Nxf1 26. Rb8+ Bc8 27. Rxf1 Nd7 28. Rbb1 Kf8 29. Rfc1 Bb7 30. Nc7 Rxc1+ 31. Rxc1 Ke7 32. Nb5 a6 33. Rc7 Ba8 34. Nd4 Kd6 35. Ra7 Nb6 36. Rxf7 1-0

[Event "*** SCC Grand Prix: Titled Tuesday Blitz"]
[Site "Chess.com"]
[Date "2020.06.02"]
[Round "3"]
[White "Zurability"]
[Black "Playgood28"]
[Result "1-0"]
[WhiteElo "2719"]
[BlackElo "2310"]
[TimeControl "180+1"]
[EndTime "10:28:31 PDT"]
[Termination "Zurability won on time"]

1. Nf3 f5 2. b3 d6 3. d4 Nf6 4. Bb2 g6 5. g3 Bg7 6. Bg2 O-O 7.
O-O c6 8. Nbd2 Qc7 9. Re1 Nbd7 10. e4 e5 11. dxe5 Nxe5 12. Nxe5 dxe5 13. exf5 Bxf5 14. Bxe5 Qf7 15. Nc4 Rad8 16. Qc1 Ng4 17. Nd6 Rxd6 18. Bxd6 Bd4 19. Re2 Nxf2 20. Qd2 Nh3+ 21. Kh1 Bxa1 22.
Bxf8 Qxf8 23. c3 Qf6 24. Re3 Ng5 25. Qc1 Be4 26. Qxa1 Qf2 27. Rxe4 1-0

[Event "*** SCC Grand Prix: Titled Tuesday Blitz"]
[Site "Chess.com"]
[Date "2020.06.02"]
[Round "3"]
[White "Harry_Rakkel"]
[Black "Ginzburg_Yakov"]
[Result "1-0"]
[WhiteElo "2530"]
[BlackElo "2334"]
[TimeControl "180+1"]
[EndTime "10:28:31 PDT"]
[Termination "Harry_Rakkel won on time"]

1. d4 Nf6 2. Nf3 c5 3. c3 e6 4. Bg5 d5 5. Nbd2 Nbd7 6. e3 Qc7 7. Bd3 Bd6 8. Qe2 O-O 9. O-O h6 10. Bxf6 Nxf6 11. e4 dxe4 12. Nxe4 Nxe4 13. Qxe4 g6 14. Rfd1 Bd7 15. dxc5 Qxc5 16. Qh4 Kg7 17. Bxg6 Kxg6 18. Rd4 f5 19. Rad1 Be7 20. Qg3+ Bg5 21. Ne5+ Kg7 22. Nxd7 f4 23. Nxc5 fxg3 24. Nxe6+ Kg8 25. Nxf8 gxf2+ 26. Kxf2 Rxf8+ 27. Ke2 Re8+ 28. Kf3 Rf8+ 29. Kg3 Bf6 30. Rg4+ Kf7 31. Rd7+ Ke6 32. Rxb7 h5 33. Ra4 h4+ 34. Kh3 Rd8 35. Ra6+ Kf5 36. Rf7 Rd3+ 37. g3 1-0

[Event "*** SCC Grand Prix: Titled Tuesday Blitz"]
[Site "Chess.com"]
[Date "2020.06.02"]
[Round "3"]
[White "Mbneu"]
[Black "Gmedmundo"]
[Result "0-1"]
[WhiteElo "2246"]
[BlackElo "2491"]
[TimeControl "180+1"]
[EndTime "10:28:31 PDT"]
[Termination "Gmedmundo won by resignation"]

1. d4 Nf6 2. c4 e6 3. Nc3 Bb4 4. Bg5 c5 5. d5 h6 6. Bh4 exd5 7. cxd5 d6 8. e3 Nbd7 9. Bb5 Qa5 10. Bxd7+ Nxd7 11. Ne2 Ne5 12. O-O Qa6 13. Ne4 f5 14. N4c3 O-O 15. h3 Bd7 16. Bg3 Rae8 17. Nf4 Bxc3 18.
bxc3 Qc4 19. a4 b6 20. a5 b5 21. a6 g5 22. Ne2 Rf6 23. f4 Ng6 24. fxg5 hxg5 25.
Bf2 f4 26. Re1 f3 27. Ng3 fxg2 28. Kxg2 Nh4+ 29. Kg1 Nf3+ 30. Kg2 Ref8 31. Bg1 Qh4 0-1

[Event "*** SCC Grand Prix: Titled Tuesday Blitz"]
[Site "Chess.com"]
[Date "2020.06.02"]
[Round "3"]
[White "kudesnik84"]
[Black "Ashedu66"]
[Result "1-0"]
[WhiteElo "2387"]
[BlackElo "2166"]
[TimeControl "180+1"]
[EndTime "10:28:31 PDT"]
[Termination "kudesnik84 won by resignation"]

1. e4 e5 2. Nf3 Nc6 3. Bc4 Bc5 4.
c3 Qe7 5. O-O Nf6 6. Re1 d6 7.
b4 Bb6 8. a4 a6 9. d3 O-O 10.
Bg5 Nd8 11. a5 Ba7 12. d4 Ne6 13. Bh4 Nf4 14. Nbd2 Ng6 15. Bg3 Nh5 16. Nxe5 dxe5 17. Qxh5 exd4 18. cxd4 Bxd4 19. Rac1 Be5 20. Nf3 Bxg3 21.
hxg3 Be6 22. Ng5 h6 23. Nxe6 fxe6 24. Qxg6 Rf6 25. Qg4 Qxb4 26. Bxe6+ Kh8 27. e5 Qxg4 28. Bxg4 Rf7 29. e6 Re7 30. Red1 Rae8 31. Rd7 g6 32. Rcxc7 1-0